Map: Submarine LE

Players

A.I. 1 (Very Easy) - Winner!

  • Race: Zerg Zerg
  • Spawn Location: 11:00

Duke

  • Race: Zerg Zerg
  • League: Diamond
  • Spawn Location: 5:00

VOD

Have the link to the VOD?

Description

Time

  • Played on: Feb. 13, 2021, 4:10 p.m.
  • Length: 9:05
Show
View Real Time Build Order
Export as new Build Order

A.I. 1 (Very Easy) Zerg - Winner!

Build Orders: Pool First 

Get SALT Encoding   

  12  0:01  Drone  
  13  0:12  Overlord  
  13  0:16  Drone  
  14  0:34  Spawning Pool  
  13  0:37  Drone  
  13  0:41  Extractor  
  13  0:44  Drone  
  14  0:52  Overlord  
  14  1:21  Zergling x2  
  14  1:22  Queen  
  17  1:29  Roach Warren  
  16  1:33  Drone  
  16  1:37  Extractor  
  16  1:41  Drone  
  17  1:49  Zergling x2  
  18  2:00  Drone  
  18  2:17  Zergling x2, Drone  
  20  2:28  Drone  
  21  2:31  Overlord  
  21  2:37  Drone  
  22  2:44  Drone  
  23  2:45  Roach  
  25  2:58  Drone  
  26  3:13  Zergling x2  
  27  7:20  Drone  
  27  7:21  Lair, Roach  
  27  7:22  Overlord  
  30  7:28  Drone, Hatchery  
  30  7:35  Drone  
  31  7:42  Drone  
  31  7:57  Roach  
  29  8:18  Overseer  
  29  8:22  Overseer  
  29  8:33  Roach  
  31  8:40  Drone  
  32  8:48  Drone  
  33  8:52  Extractor  
  33  8:54  Extractor  
Show
View Real Time Build Order
Export as new Build Order

Duke Zerg 

Build Orders: Pool First, Lurkers 

Get SALT Encoding   

  12  0:00  Drone  
  13  0:07  Drone  
  14  0:24  Spawning Pool  
  13  0:28  Drone  
  14  0:37  Extractor, Drone  
  14  0:40  Extractor, Drone  
  16  0:45  Overlord  
  16  1:11  Queen  
  18  1:12  Zergling x6  
  21  1:23  Zergling x2  
  22  1:32  Hatchery  
  21  1:34  Zergling x2  
  22  1:41  Spine Crawler  
  21  1:51  Extractor, Queen  
  23  1:57  Overlord  
  23  2:15  Drone x2  
  22  2:20  Drone x4  
  26  2:31  Queen  
  26  2:34  Drone  
  29  2:45  Drone x2  
  31  2:53  Spine Crawler, Overlord  
  30  3:01  Queen  
  30  3:03  Drone  
  33  3:06  Drone  
  33  3:08  Drone  
  33  3:11  Drone  
  36  3:14  Drone  
  36  3:15  Drone  
  36  3:18  Drone  
  39  3:20  Drone  
  39  3:26  Drone x2  
  42  3:27  Drone  
  42  3:31  Drone  
  42  3:33  Overlord  
  44  3:36  Extractor  
  44  3:38  Extractor  
  44  3:40  Extractor x2  
  40  3:41  Drone x2  
  40  3:44  Drone  
  40  3:45  Drone  
  44  3:50  Evolution Chamber  
  44  3:54  Drone x2  
  44  3:55  Drone  
  46  3:57  Drone  
  47  4:03  Roach Warren  
  47  4:05  Drone  
  47  4:06  Drone  
  47  4:08  Drone  
  49  4:10  Drone  
  49  4:14  Overlord  
  50  4:20  Lair  
  50  4:24  Overlord  
  50  4:33  Zerg Missile Weapons Level 1  
  50  4:43  Roach x3  
  56  4:47  Hatchery  
  56  4:50  Roach  
  56  4:51  Roach  
  59  4:54  Roach  
  59  4:57  Overlord  
  61  5:01  Roach  
  61  5:03  Roach  
  65  5:08  Roach  
  65  5:09  Overlord  
  67  5:16  Roach  
  67  5:17  Glial Reconstitution  
  67  5:19  Roach  
  67  5:20  Overlord  
  71  5:25  Roach  
  71  5:26  Roach  
  75  5:29  Overlord  
  75  5:36  Roach x2  
  75  5:37  Roach  
  75  5:41  Overlord  
  81  5:43  Roach  
  81  5:49  Drone x3  
  86  5:59  Drone x2  
  86  6:01  Drone x2  
  86  6:02  Drone x4  
  86  6:04  Drone  
  95  6:09  Hydralisk Den  
  94  6:16  Roach x2  
  94  6:17  Drone  
  99  6:19  Extractor  
  99  6:20  Extractor  
  99  6:24  Drone x2  
  99  6:25  Drone  
  100  6:28  Zerg Missile Weapons Level 2  
  100  6:29  Overlord  
  100  6:34  Queen  
  100  6:39  Lurker Den  
  101  6:41  Overlord  
  101  6:42  Queen  
  101  6:46  Muscular Augments  
  103  6:49  Queen  
  103  6:53  Drone x2  
  103  6:54  Drone  
  108  6:55  Drone  
  108  6:57  Drone  
  108  6:59  Drone  
  111  7:02  Hydralisk x2  
  111  7:05  Hydralisk  
  111  7:07  Hydralisk  
  119  7:20  Overlord  
  119  7:23  Hatchery, Overlord  
  119  7:26  Hydralisk  
  119  7:29  Hydralisk  
  120  7:33  Overlord  
  122  7:38  Lurker  
  122  7:39  Lurker x3  
  122  7:43  Roach  
  122  7:44  Roach  
  130  7:45  Overlord  
  130  7:47  Roach  
  130  7:55  Lurker x2  
  132  7:59  Drone x7  
  132  8:01  Drone  
  132  8:03  Hydralisk  
  142  8:15  Hydralisk x2  
  146  8:21  Extractor  
  146  8:22  Extractor, Drone x2  
  146  8:23  Drone x2  
  146  8:26  Hydralisk x2  
  150  8:29  Drone x2  
  150  8:31  Overlord x2  
  154  8:38  Lurker  
  154  8:40  Lurker  
  154  8:41  Hydralisk, Lurker  
  159  8:54  Lurker  
Tags
 
Composition
Lurkers
League
Diamond
Matchup
ZvZ
Race
Zerg
Spawn Locations
Cross Positions
Add a new tag
Caveats
  • Supply blocks, unpowered buildings, or Contaminate may cause inaccurate times.
  • Supply counts are checked every 10 seconds.